 Dungeon Crawl Stone Soup version 0.21.1-1-g345015f (webtiles) character file.

1945 Chopsticks the Cleaver (level 8, -15/71 HPs)
             Began as a Minotaur Berserker on Mar 20, 2018.
             Was a High Priest of Trog.
             Demolished by an orc warrior
             ... wielding a +0 halberd
              (33 damage)
             ... in a bailey.
             The game lasted 00:14:02 (5482 turns).

Chopsticks the Cleaver (Minotaur Berserker)         Turns: 5482, Time: 00:14:03

Health: -15/71     AC: 14    Str: 22    XL:     8   Next: 98%
Magic:  7/7        EV:  6    Int:  4    God:    Trog [*****.]
Gold:   377        SH:  9    Dex: 12    Spells: 7/7 levels left

rFire    + . .     SeeInvis .   u - +0 war axe
rCold    x . .     Gourm    .   j - +0 shield
rNeg     . . .     Faith    .   E - +0 plate armour
rPois    .         Spirit   .   (helmet restricted)
rElec    .         Reflect  .   (no cloak)
rCorr    .         Harm     .   l - +0 pair of gloves
MR       .....                  (no boots)
Stlth    ..........             (no amulet)
HPRegen  0.21/turn              s - ring of fire
MPRegen  0.10/turn              (no ring)

@: berserk cooldown, slowed, very slow
A: retaliatory headbutt, horns 2
a: Berserk, Trog's Hand, Brothers in Arms, Burn Spellbooks, Renounce Religion


You were in a bailey.
You worshipped Trog.
Trog was extremely pleased with you.
You were very hungry.

You visited 1 branch of the dungeon, and saw 7 of its levels.
You also visited: Ossuary and Bailey.

You collected 377 gold pieces.

Inventory:

Hand Weapons
 a - a +0 hand axe
 u - a +0 war axe (weapon)
Armour
 b - a +0 animal skin
 j - a +0 shield (worn)
 l - a +0 pair of gloves (worn)
 o - a +0 scale mail
 B - a +0 chain mail
 C - a +0 shield
 E - a +0 plate armour (worn)
Jewellery
 s - a ring of fire (left hand)
 F - a +5 amulet of reflection {unknown}
 H - a +2 ring of dexterity {unknown}
Wands
 z - a wand of flame (12)
Scrolls
 e - a scroll of random uselessness {unknown}
 g - 5 scrolls of remove curse
 h - 2 scrolls of fog {unknown}
 k - 9 scrolls of identify {unknown}
 p - a scroll of enchant weapon {unknown}
 q - 2 scrolls of amnesia {unknown}
 r - 3 scrolls of teleportation {unknown}
 t - 2 scrolls of blinking {unknown}
 y - a scroll of enchant armour {unknown}
 A - a scroll of noise {unknown}
 D - 2 scrolls of fear {unknown}
Potions
 d - a potion of resistance {unknown}
 f - 3 potions of might {unknown}
 i - a potion of berserk rage {unknown}
 m - a potion of degeneration {unknown}
 n - 3 potions of lignification {unknown}
 v - 3 potions of agility {unknown}
 w - a potion of brilliance {unknown}
 x - a potion of mutation {unknown}
 G - a potion of curing {unknown}
Comestibles
 c - 10 rations


   Skills:
 + Level 6.7 Fighting
 + Level 10.3 Axes
 + Level 6.4 Armour
 + Level 4.0 Dodging
 + Level 0.6 Stealth
 + Level 3.8 Shields


You had 7 spell levels left.
You didn't know any spells.

Dungeon Overview and Level Annotations

Branches:
Dungeon (7/15)             Temple (0/1) D:4

Altars:

Shops:
D:4 [


Innate Abilities, Weirdness & Mutations

You reflexively headbutt those who attack you in melee.
You have a pair of horns on your head.


Message History

The orc knight hits you from afar with a glaive!
The orc warrior hits you with a halberd!
* * * LOW HITPOINT WARNING * * *
You are too injured to fight recklessly!
You slash the orc warrior!
You kill the orc warrior!
Trog accepts your kill. You block the orc knight's attack.
You feel a strong urge to attack something.
The orc warrior shoots a bolt.
You block the bolt.
You see here a bolt.
You feel your anger nearly subside.
You are no longer berserk.
You are exhausted.
You feel yourself slow down.
The orc no longer looks unusually strong.
You block the orc knight's attack.
The orc warrior no longer looks unusually strong.
The orc knight hits you but does no damage.
The orc warrior hits you from afar with a halberd!!
You die...

## #########∩##
####
##.....##...##....
#..≈≈≈@.#...#..≈≈≈
#.≈≈o≈≈..(....≈≈o≈
+.≈ooo≈.......≈oo
#.≈≈.≈≈.......≈≈o
#..≈≈≈..#(..#..≈≈
##.....##.∩.# ...
#########∩## ##
###


You could see an orc knight, 2 orc warriors and an orc.

Vanquished Creatures
  Grinder (D:5)
  Prince Ribbit (D:5)
  2 orc warriors
  A sky beast (D:7)
  A phantom (D:6)
  An ogre (D:6)
  A centaur (D:6)
  A bullfrog (D:7)
  An elf zombie (Ossuary)
  2 scorpions
  3 centaur zombies
  2 jellies
  3 hounds
  A centaur skeleton (D:4)
  2 orc wizards (D:4)
  A worker ant (D:7)
  A big kobold zombie (Ossuary)
  The ghost of HowDoYouLikeHam the Shield-Bearer, a weakling MiFi of Makhleb (D:4)
  3 hound zombies (Ossuary)
  2 hound skeletons
  3 mummies (Ossuary)
  A howler monkey zombie (D:7)
  7 gnolls (D:3)
  4 adders
  2 oozes
  3 adder zombies (Ossuary)
  An adder skeleton (D:5)
  2 worms
  3 dart slugs
  4 leopard geckos
  16 orcs
  3 ball pythons
  9 bats
  4 giant cockroaches
  10 goblins
  6 hobgoblins
  5 jackals
  5 kobolds
  4 quokkas
  2 frilled lizards (D:2)
  4 gnoll zombies (Ossuary)
  4 goblin zombies (Ossuary)
  A hobgoblin zombie (Ossuary)
  A jackal skeleton (D:6)
  A jackal zombie (Ossuary)
  4 kobold zombies (Ossuary)
  A leopard gecko skeleton (D:6)
  A leopard gecko zombie (D:7)
  An orc zombie (Ossuary)
  A quokka skeleton (D:7)
  4 quokka zombies (Ossuary)
  10 rats
  6 rat zombies (Ossuary)
  A plant (D:2)
165 creatures vanquished.

Notes
Turn   | Place    | Note
-------+----------+-------------------------------------------
     0 | D:1      | Chopsticks the Minotaur Berserker began the quest for the Orb.
     0 | D:1      | Reached XP level 1. HP: 19/19 MP: 0/0
   156 | D:1      | Reached XP level 2. HP: 22/27 MP: 1/1
   159 | D:1      | Reached skill level 4 in Axes
   663 | D:2      | Reached ** piety under Trog
   663 | D:2      | Reached XP level 3. HP: 24/33 MP: 2/2
  1622 | D:3      | Reached XP level 4. HP: 20/41 MP: 3/3
  1938 | D:3      | Reached skill level 5 in Axes
  2036 | D:3      | Reached *** piety under Trog
  2118 | D:3      | Reached XP level 5. HP: 44/47 MP: 4/4
  2119 | D:3      | Reached skill level 1 in Shields
  2338 | D:4      | Found a staircase to the Ecumenical Temple.
  2550 | D:4      | Reached XP level 6. HP: 55/55 MP: 5/5
  2673 | D:4      | Found Onielafo's Armour Shoppe.
  2682 | D:4      | Reached skill level 6 in Axes
  2815 | D:4      | Noticed HowDoYouLikeHam's ghost (weakling MiFi)
  2819 | D:4      | Killed HowDoYouLikeHam's ghost
  3308 | D:5      | Entered Level 5 of the Dungeon
  3310 | D:5      | Found a sand-covered staircase.
  3324 | Ossuary  | Entered an ossuary
  3362 | Ossuary  | Reached **** piety under Trog
  3419 | Ossuary  | Reached skill level 5 in Fighting
  3459 | Ossuary  | Reached skill level 7 in Axes
  3490 | Ossuary  | Reached XP level 7. HP: 27/61 MP: 6/6
  3874 | D:5      | Reached skill level 8 in Axes
  4056 | D:5      | Noticed Grinder
  4057 | D:5      | Paralysed by Grinder for 3 turns
  4058 | D:5      | Noticed Prince Ribbit
  4071 | D:5      | Paralysed by Grinder for 3 turns
  4085 | D:5      | Paralysed by Grinder for 2 turns
  4088 | D:5      | Killed Grinder
  4429 | D:5      | Killed Prince Ribbit
  4429 | D:5      | Reached skill level 9 in Axes
  4429 | D:5      | Reached skill level 5 in Armour
  4429 | D:5      | Reached XP level 8. HP: 60/70 MP: 7/7
  5037 | D:6      | Reached ***** piety under Trog
  5270 | D:7      | Reached skill level 10 in Axes
  5450 | D:7      | Found a flagged portal.
  5468 | Bailey   | Entered a bailey
  5469 | Bailey   | Noticed an orc knight
  5482 | Bailey   | Demolished by an orc warrior

Skill      XL: |  1  2  3  4  5  6  7  8 |
---------------+-------------------------+-----
Fighting       | 4 5 6 |  6.7
Axes           | 4 5 7 9 10 | 10.3
Armour         | 3 4 5 6 |  6.4
Dodging        | 3 4 |  4.0
Shields        | 1 2 3 |  3.8
Stealth        | |  0.6

Action                   |  1- 3 |  4- 6 |  7- 9 || total
-------------------------+-------+-------+-------++-------
Melee: Hand axe          |   127 |    86 |       ||   213
       Headbutt          |    32 |    27 |    31 ||    90
       War axe           |       |    89 |   154 ||   243
Invok: Berserk           |     1 |     2 |     1 ||     4
  Use: Scroll            |     1 |       |     1 ||     2
  Eat: Chunk             |     2 |     4 |     5 ||    11
       Ration            |       |     2 |       ||     2
Armor: Animal skin       |     4 |       |       ||     4
       Scale mail        |     5 |    69 |    15 ||    89
       Plate armour      |       |       |    38 ||    38
       Chain mail        |       |       |     6 ||     6
Dodge: Dodged            |    38 |    57 |    37 ||   132
Block: Shield            |    18 |    63 |    51 ||   132
